 Dungeon Crawl Stone Soup version 0.29.0-7-g18a832c13a (webtiles) character file.

Game seed: 13450908940198744940

7903 Arcadio the Frost Mage (level 11, -6/129 (144) HPs)
             Began as a Naga Ice Elementalist on Aug 31, 2022.
             Was an Elder of Cheibriados.
             Mangled by an orange demon (9 damage)
             ... summoned by a kobold demonologist
             ... on level 10 of the Dungeon.
             The game lasted 00:45:16 (17147 turns).

Arcadio the Frost Mage (Naga Ice Elementalist)     Turns: 17147, Time: 00:45:16

HP:   -6/129 (144)  AC: 13    Str: 19    XL:     11   Next: 22%
MP:   23/23         EV: 14    Int: 32    God:    Cheibriados [****..]
Gold: 211           SH:  0    Dex: 21    Spells: 11/27 levels left

rFire   . . .      SeeInvis +   C - +4 scimitar (flame)
rCold   . . .      Faith    .   (no shield)
rNeg    . . .      Spirit   .   S - +0 steam dragon scales
rPois   +          Reflect  .   X - +0 helmet {Int+3}
rElec   .          Harm     .   R - +1 cloak {rCorr}
rCorr   +          Rampage  .   (no gloves)
Will    +....                   (no barding)
Stlth   ..........              p - amulet of the acrobat
HPRegen 0.31/turn               k - ring of flight
MPRegen 0.18/turn               T - +4 ring of protection

@: berserking (expiring), marked, spiked, flying, heavily drained, very slow
A: AC +3, large, see invisible, deformed body, poison resistance, slowness 2,
spit poison 1, naga tail 1
a: Spit Poison, Renounce Religion, Bend Time, Temporal Distortion, Slouch


You were on level 10 of the Dungeon.
You worshipped Cheibriados.
Cheibriados was greatly pleased with you.
You visited 2 branches of the dungeon, and saw 11 of its levels.

You collected 735 gold pieces.
You spent 524 gold pieces at shops.

Inventory:

Hand Weapons
 d - a +0 club
 f - a +0 dagger
 o - a +0 dagger of venom
 C - a +4 scimitar of flaming (weapon)
 F - a +0 flail of holy wrath
 L - a +0 rapier
 N - a +2 falchion of electrocution
Missiles
 D - 3 throwing nets
Armour
 a - a +0 robe
 c - a +0 leather armour
 q - a +0 leather armour
 w - a +0 cloak
 Q - a +0 helmet
 R - a +1 cloak of preservation (worn)
 S - +0 steam dragon scales (worn)
 W - a +1 helmet
 X - a +0 helmet of intelligence (worn)
Magical Staves
 s - a staff of conjuration
Jewellery
 k - a ring of flight (left hand)
 p - an amulet of the acrobat (around neck)
 I - an amulet of magic regeneration
 J - an amulet of guardian spirit
 T - a +4 ring of protection (right hand)
Wands
 y - a wand of iceblast (6)
 Y - a wand of polymorph (3)
Scrolls
 h - 3 scrolls of magic mapping {unknown}
 i - 6 scrolls of teleportation
 j - a scroll of acquirement {unknown}
 l - 4 scrolls of butterflies {unknown}
 m - 5 scrolls of fear {unknown}
 n - 2 scrolls of vulnerability {unknown}
 v - 2 scrolls of poison {unknown}
 A - a scroll of torment {unknown}
 E - 3 scrolls of immolation {unknown}
 K - a scroll of enchant armour {unknown}
 O - a scroll of enchant weapon {unknown}
 P - 2 scrolls of amnesia {unknown}
 U - a scroll of identify
 V - a scroll of blinking {unknown}
Potions
 b - a potion of magic
 e - a potion of berserk rage
 g - a potion of invisibility
 r - a potion of flight
 t - 2 potions of lignification
 u - 2 potions of mutation
 x - a potion of cancellation
 B - a potion of brilliance {unknown}
 G - a potion of resistance
 H - 5 potions of curing
 M - 3 potions of attraction
 Z - a potion of ambrosia {unknown}


   Skills:
 - Level 5.4 Fighting
 + Level 6.8 Dodging
 - Level 7.6 Stealth
 + Level 8.6 Spellcasting
 + Level 10.0 Ice Magic
 + Level 3.2 Invocations


You had 11 spell levels left.
You knew the following spells:

 Your Spells              Type           Power      Damage    Failure   Level
a - Freeze                Ice            100%       1d11      1%          1
b - Frozen Ramparts       Ice            100%       1d16      1%          3
c - Ozocubu's Armour      Ice            68%        N/A       1%          3
d - Foxfire               Conj/Fire      52%        2x1d6     3%          1
e - Hailstorm             Conj/Ice       46%        3d11      4%          4
f - Ice Form              Ice/Tmut       46%        N/A       4%          4

Your spell library contained the following spells:

 Spells                   Type           Power      Damage    Failure   Level
 Shock                    Conj/Air       52%        1d6       3%          1
 Conjure Flame            Conj/Fire      13%        6-21      11%         3
 Inner Flame              Hex/Fire       13%        N/A       11%         3
 Swiftness                Air            13%        N/A       11%         3
 Airstrike                Air            6%         2d(1-17)  34%         4
 Flame Wave               Conj/Fire      13%        2d6       34%         4
 Malign Gateway           Summ/Tloc      6%         N/A       100%        7
 Disjunction              Tloc           6%         N/A       100%        8


Dungeon Overview and Level Annotations

Branches:
Dungeon (10/15) Zot: 40058  Temple (1/1) D:5 Zot: 8901
   Lair: D:8-11         Orc: D:9-12

Altars:
Ashenzari
Cheibriados
Dithmenos
Elyvilon
Fedhas
Gozag
Hepliaklqana
Kikubaaqudgha
Makhleb
Nemelex Xobeh
Okawaru
Qazlal
Ru
Sif Muna
Trog
Uskayaw
Vehumet
Wu Jian
Xom
Yredelemnul
Zin
The Shining One

Shops:
D:4 (   D:6 [   D:8 [

Annotations:
D:6 1 runed translucent door, AbrileMaio's ghost, novice SpBr


Innate Abilities, Weirdness & Mutations

Your serpentine skin is tough. (AC +3)
You have supernaturally acute eyesight. (SInv)
Armour fits poorly on your strangely shaped body.
Your system is resistant to poisons. (rPois)
You cover ground very slowly.
You can spit poison.
You have a snake-like lower body.


Message History

Okay, then.
You slash the two-headed ogre! You burn the two-headed ogre.
The two-headed ogre is moderately wounded.
The red devil hits you from afar with a +0 trident.
* * * LOW HITPOINT WARNING * * *
Barbed spikes become lodged in your body.
The kobold demonologist hits you but does no damage.
The orange demon completely misses you. The two-headed ogre barely misses you.
The two-headed ogre hits you with a +0 giant club.
* * * LOW HITPOINT WARNING * * *
You closely miss the two-headed ogre.
The two-headed ogre is moderately wounded.
The red devil closely misses you.
The kobold demonologist closely misses you.
The orange demon stings you but does no damage.
The two-headed ogre barely misses you. The two-headed ogre closely misses you.
The kobold demonologist closely misses you.
You miss the kobold demonologist.
The orange demon stings you but does no damage.
The red devil barely misses you.
The kobold demonologist hits you but does no damage.
The orange demon stings you but does no damage.
You closely miss the kobold demonologist.
The two-headed ogre closely misses you.
The two-headed ogre hits you with a +0 giant club!
* * * LOW HITPOINT WARNING * * *
The red devil hits you but does no damage.
The kobold demonologist closely misses you.
The orange demon barely misses you.
You closely miss the kobold demonologist.
The red devil misses you.
The kobold demonologist completely misses you.
The two-headed ogre hits you with a +0 giant club!
* * * LOW HITPOINT WARNING * * *
The two-headed ogre closely misses you. The orange demon stings you from afar.
* * * LOW HITPOINT WARNING * * *
The red devil barely misses you.
The kobold demonologist hits you but does no damage.
The orange demon stings you from afar!
You die...

..........# #.?.>.#.~≈#
..........# ...
..#..(.≈#.≈.#### ..........#
... #.#....≈#......#
..........#
....#.#..)o≈≈.z~≈≈.#
$.........#
...#.#.....≈zz≈...#
..........#
...'.#+####≈≈z≈...#
###....[..# #44......≈≈...##
#.......#######Kozz.o...~...#
#........<....@O45z......####
###........##'####z......#
#........#.. #.......# .
#........#.. #.......# .
#........#.. #.......# .
##.......#.. #.......# .
#.......#.. #.......#
#+####.......#######.......#
#..........................#


You could see a two-headed ogre, an orange demon (summoned), an ice devil
(summoned), a kobold demonologist, a red devil (summoned), an orc warrior, 4
wights, a crimson imp (summoned) and an orc.

Vanquished Creatures
  Harold (D:10)
  A two-headed ogre (D:8)
  Erica (D:8)
  Maurice (D:8)
  Joseph (D:8)
  A troll (D:9)
  A wraith (D:9)
  2 wyverns (D:9)
  5 yaks (D:9)
  3 steam dragons
  An orc warrior (D:6)
  4 sky beasts
  3 ice beasts
  3 black bears
  3 ogres
  3 centaurs
  2 phantoms
  A kobold brigand (D:9)
  A gnoll sergeant (D:8)
  2 bullfrogs
  2 necrophages
  A scorpion (D:6)
  11 killer bees
  An electric eel (D:7)
  4 howler monkeys
  4 orc priests
  2 hounds
  4 jellies
  2 gnoll boudas
  4 iguanas
  5 orc wizards
  14 gnolls
  3 adders
  2 shadow imps
  An ufetubus (D:5)
  A worm (D:2)
  4 dart slugs
  18 orcs
  4 bats
  10 endoplasms
  3 giant cockroaches
  6 hobgoblins
  4 jackals (D:1)
  8 quokkas
  5 ball pythons
  5 frilled lizards
  11 goblins
  12 kobolds
  4 rats
195 creatures vanquished.

Vanquished Creatures (others)
  A sky beast (D:8)
  3 demonic plants (D:1)
  53 foxfires
  A plant (D:1)
58 creatures vanquished.

Grand Total: 253 creatures vanquished

Notes
Turn   | Place    | Note
-------+----------+-------------------------------------------
     0 | D:1      | Arcadio the Naga Ice Elementalist began the quest for the
                  | Orb.
     0 | D:1      | Reached XP level 1. HP: 15/15 MP: 3/3
   293 | D:1      | Reached XP level 2. HP: 22/22 MP: 3/5
  1417 | D:1      | Found a faded altar of an unknown god.
  1444 | D:1      | Reached XP level 3. HP: 5/28 MP: 0/6
  1973 | D:1      | Learned a level 3 spell: Frozen Ramparts
  2642 | D:2      | Learned a level 3 spell: Ozocubu's Armour
  2715 | D:2      | Got the Incunable of Superposition and Cold
  4025 | D:3      | Reached XP level 4. HP: 31/36 MP: 5/8
  4184 | D:3      | Reached skill level 5 in Stealth
  4184 | D:3      | Reached XP level 5. HP: 15/42 MP: 3/9
  4553 | D:3      | Learned a level 1 spell: Foxfire
  5244 | D:4      | Found Kexzi's Antique Weapon Shoppe.
  5334 | D:4      | Found a shimmering altar of Xom.
  5336 | D:4      | Found a hide-covered altar of Uskayaw.
  5336 | D:4      | Found a snail-covered altar of Cheibriados.
  5336 | D:4      | Found an iron altar of Okawaru.
  5337 | D:4      | Noticed a black bear
  5348 | D:4      | Reached skill level 5 in Ice Magic
  5349 | D:4      | Killed a black bear
  5350 | D:4      | Reached XP level 6. HP: 39/49 MP: 2/11
  5444 | D:4      | Found a hazy altar of Hepliaklqana.
  5832 | D:4      | Became a worshipper of Cheibriados the Contemplative
  6023 | D:4      | Reached XP level 7. HP: 20/55 MP: 2/13
  6947 | D:5      | Entered Level 5 of the Dungeon
  7049 | D:5      | Reached skill level 6 in Ice Magic
  7740 | D:5      | HP: 1/55 [ogre/+0 giant spiked club (31)]
  8592 | D:5      | Found a staircase to the Ecumenical Temple.
  8624 | Temple   | Entered the Ecumenical Temple
  8875 | D:5      | Reached * piety under Cheibriados
  8880 | D:5      | Reached XP level 8. HP: 59/62 MP: 9/15
  8881 | D:5      | Reached skill level 5 in Spellcasting
  9407 | D:6      | Found Waol's Antique Armour Shoppe.
  9945 | D:6      | Reached skill level 7 in Ice Magic
 10337 | D:6      | Found a runed translucent door.
 10388 | D:6      | Reached ** piety under Cheibriados
 10389 | D:6      | Reached XP level 9. HP: 65/68 MP: 14/18
 10449 | D:6      | Learned a level 4 spell: Hailstorm
 10621 | D:6      | Noticed AbrileMaio's ghost (novice SpBr)
 10765 | D:7      | Reached skill level 1 in Fighting
 10940 | D:7      | Found a shadowy altar of Dithmenos.
 11514 | D:7      | Reached skill level 8 in Ice Magic
 12109 | D:8      | Noticed Joseph
 12322 | D:8      | Killed Joseph
 13288 | D:8      | Noticed a two-headed ogre
 13358 | D:8      | Reached skill level 5 in Dodging
 13360 | D:8      | Noticed Maurice
 13457 | D:8      | Reached *** piety under Cheibriados
 13466 | D:8      | Killed Maurice
 13467 | D:8      | Reached XP level 10. HP: 63/85 MP: 4/20
 13804 | D:8      | Killed a two-headed ogre
 14152 | D:8      | Reached skill level 9 in Ice Magic
 14381 | D:8      | Noticed Erica
 14397 | D:8      | Killed Erica
 14706 | D:8      | Reached skill level 5 in Fighting
 15275 | D:8      | Found Koptuz's Antique Armour Emporium.
 15288 | D:8      | Bought a runed helmet for 262 gold pieces
 15298 | D:8      | Bought a shiny helmet for 262 gold pieces
 15442 | D:8      | Learned a level 4 spell: Ice Form
 16147 | D:9      | Reached skill level 1 in Invocations
 16185 | D:9      | Reached **** piety under Cheibriados
 16729 | D:9      | Reached XP level 11. HP: 96/96 MP: 17/23
 16940 | D:10     | Entered Level 10 of the Dungeon
 16992 | D:10     | Found a sparkling altar of Nemelex Xobeh.
 17027 | D:10     | Noticed a two-headed ogre
 17094 | D:10     | Noticed Harold
 17129 | D:10     | Killed Harold
 17130 | D:10     | Reached skill level 10 in Ice Magic
 17147 | D:10     | HP: 3/129 [orange demon[a kobold demonologist] (4)]
 17147 | D:10     | Mangled by an orange demon

Illustrated notes

Levels and vault maps discovered:
D:1:      minmay_arrival_plants_in_alcoves, layout_loops_corners,
          shapermc_ecumenical_altar_gd, serial_forest,
          infiniplex_forest_end_double, infiniplex_forest_end_3,
          infiniplex_forest_end_2, infiniplex_forest_clump_curved,
          infiniplex_forest_straight_2, skrybe_limestone_x, minmay_door_square,
          st_stairs_7
D:2:      layout_basic, grunt_decor_fettered
D:3:      layout_basic, minivault_19
D:4:      layout_basic, grunt_temple_overflow_open, serial_shops,
          nicolae_shop_trees
D:5:      layout_layer_cave, minmay_temple_entry_sparse_star, minivault_11
D:6:      layout_loops_ring, ebering_ghost_reflecting_pool, serial_shops,
          nicolae_shop_hallway_stairs
D:7:      layout_loops_cross, grunt_dithmenos_smoke_and_mirrors,
          minmay_crystal_water
D:8:      layout_cave_pools, serial_shops, nicolae_shop_statue_plus,
          hangedman_misty_isle, uniq_maurice, uniq_joseph, uniq_erica
D:9:      layout_irregular_city, hellmonk_guarded_unrand_gong
D:10:     layout_irregular_city, nemelex_altar_shiori, serial_shops,
          nicolae_diamond_shop, chequers_serial_rivers_small_b, uniq_harold
Temple:   eino_wide_crystal_templ

Skill      XL: |  1  2  3  4  5  6  7  8  9 10 11 |
---------------+----------------------------------+-----
Stealth        | 4 5 6 7 |  7.6
Spellcasting   | 3 4 6 7 8 |  8.6
Ice Magic      | 5 6 7 8 9 10 | 10.0
Dodging        | 2 4 5 6 |  6.8
Fighting       | 3 5 |  5.4
Invocations    | 2 3 |  3.2

Action                   |  1- 3 |  4- 6 |  7- 9 | 10-12 || total
-------------------------+-------+-------+-------+-------++-------
Melee: Club              |     8 |       |       |       ||     8
       Unarmed           |     1 |       |       |       ||     1
       Dagger            |    95 |    87 |   172 |    27 ||   381
       Punch             |       |     1 |     1 |     1 ||     3
       Scimitar          |       |       |       |   101 ||   101
Throw: Throwing net      |       |       |     1 |       ||     1
 Cast: Freeze            |    30 |     4 |    13 |    13 ||    60
       Frozen Ramparts   |       |     8 |    24 |    12 ||    44
       Ozocubu's Armour  |       |     4 |    24 |     9 ||    37
       Foxfire           |       |       |    24 |     3 ||    27
       Hailstorm         |       |       |     2 |       ||     2
Invok: Temporal Distorti |       |       |     1 |       ||     1
       Bend Time         |       |       |       |     3 ||     3
 Abil: Spit Poison       |       |       |    10 |       ||    10
Evoke: Wand              |       |     1 |    14 |       ||    15
  Use: Potion            |       |     1 |     4 |     3 ||     8
       Scroll            |       |       |     7 |     3 ||    10
 Stab: Sleeping          |     7 |     3 |     8 |     1 ||    19
Armor: Robe              |    16 |    19 |    84 |    19 ||   138
       Skin              |       |       |     3 |       ||     3
       Steam dragon scal |       |       |       |    91 ||    91
Dodge: Dodged            |    76 |    46 |   233 |   239 ||   594
